 Dungeon Crawl Stone Soup version 0.29-a0-997-gf6f7e2dfe7 (webtiles) character file.

Game seed: 13279931535475709344

96 Newt the Shooter (level 4, -3/26 HPs)
             Began as a Kobold Arcane Marksman on Aug 4, 2022.
             Killed from afar by an orc wizard (8 damage)
             ... with a puff of flame
             ... on level 3 of the Dungeon.
             The game lasted 00:03:01 (2007 turns).

Newt the Shooter (Kobold Arcane Marksman)           Turns: 2007, Time: 00:03:02

Health: -3/26      AC:  2    Str:  7    XL:     4   Next: 98%
Magic:  5/5        EV: 15    Int: 14    God:
Gold:   168        SH:  0    Dex: 17    Spells: 4/5 levels left

rFire   . . .      SeeInvis .   a - +1 sling (venom)
rCold   . . .      Faith    .   (no shield)
rNeg    . . .      Spirit   .   c - +0 robe
rPois   .          Reflect  .   (no helmet)
rElec   .          Harm     .   (no cloak)
rCorr   .          Rampage  .   (no gloves)
Will    .....                   (no boots)
Stlth   ++........              (no amulet)
HPRegen 0.08/turn               (no ring)
MPRegen 0.09/turn               (no ring)

@: confused
A: small, no large weapons, nightstalker 3
a: no special abilities


You were on level 3 of the Dungeon.
You visited 1 branch of the dungeon, and saw 3 of its levels.

You collected 168 gold pieces.

Inventory:

Hand Weapons
 a - a +1 sling of venom (weapon)
Armour
 c - a +0 robe (worn)
Wands
 g - a wand of flame (17)
Scrolls
 b - a scroll of vulnerability
Potions
 f - a potion of haste {unknown}
 h - a potion of degeneration {unknown}


   Skills:
 + Level 1.8 Fighting
 + Level 5.0 Ranged Weapons
 + Level 2.8 Dodging
 + Level 0.2 Stealth
 + Level 1.1 Spellcasting
 + Level 3.6 Hexes


You had 4 spell levels left.
You knew the following spells:

 Your Spells              Type           Power      Damage    Failure   Level
a - Slow                  Hex            40%        N/A       6%          1

Your spell library contained the following spells:

 Spells                   Type           Power      Damage    Failure   Level
 Sandblast                Erth           0%         2d4       26%         1
 Passwall                 Tmut/Erth      0%         N/A       36%         2
 Poisonous Vapours        Pois/Air       0%         N/A       36%         2
 Inner Flame              Hex/Fire       5%         N/A       36%         3
 Portal Projectile        Hex/Tloc       10%        N/A       36%         3
 Cause Fear               Hex            5%         N/A       50%         4
 Stone Arrow              Conj/Erth      0%         3d7       61%         3
 Corpse Rot               Necr/Pois/Air  0%         N/A       95%         4


Dungeon Overview and Level Annotations

Branches:
Dungeon (3/15)

Altars:


Innate Abilities, Weirdness & Mutations

You are small and have problems with some larger weapons.
You are completely attuned to the shadows.


Message History

The orc wizard gestures wildly while chanting.
The orc wizard flickers and vanishes!
Deactivating autopickup; reactivate with Ctrl-A.
The orc completely misses you.
Fire: a) +1 sling (venom)
Press: ? - help, Shift-Dir - straight line, f - orc
Aim: an orc, wielding a +0 club (severely wounded, very poisoned, 60% to hit)
You shoot a sling bullet. The sling bullet hits the orc!
You kill the orc!
You hear some strange, mumbled words.
A puff of flame appears from out of thin air!
The puff of flame hits you!
* * * LOW HITPOINT WARNING * * *
Fire: a) +1 sling (venom)
Press: ? - help, Shift-Dir - straight line, f - you You feel much better.
You hear some strange, mumbled words.
A magic dart appears from out of thin air!
The magic dart hits you!
Aiming: Throw Flame
Press: ? - help, Q - select action, (/) - cycle Shift-Dir - straight line Something hits you but does no damage.
Unknown command.
Fire: a) +1 sling (venom)
Press: ? - help, Shift-Dir - straight line You shoot a sling bullet.
You hear some strange, mumbled words.
You are confused.
You shoot a sling bullet. Something hits you.
You shoot a sling bullet. Something barely misses you.
You shoot a sling bullet.
You hear some strange, mumbled words.
A puff of flame appears from out of thin air!
The puff of flame hits you!
Ouch! That really hurt!
* * * LOW HITPOINT WARNING * * *
You hear some strange, mumbled words.
A puff of flame appears from out of thin air!
The puff of flame hits you!
You die...

..###
#####..##...##.
#.........)....
#........).....
#.....##.){!..#
#.....#...@....
###.##...##.##.
######.##.###
.# ##......##.#
.# #.......#..#
.# ............
....<.....#
.........##
.........#


There were no monsters in sight!

Vanquished Creatures
  Robin (D:2)
  An adder (D:2)
  A worm (D:2)
  A dart slug (D:1)
  3 orcs (D:3)
  8 ball pythons
  5 endoplasms (D:1)
  2 giant cockroaches
  12 goblins
  11 hobgoblins
  4 jackals (D:2)
  2 quokkas
  2 bats
  4 frilled lizards (D:1)
  3 rats
60 creatures vanquished.

Vanquished Creatures (others)
  12 plants (D:2)
  2 withered plants (D:3)
14 creatures vanquished.

Grand Total: 74 creatures vanquished

Notes
Turn   | Place    | Note
-------+----------+-------------------------------------------
     0 | D:1      | Newt the Kobold Arcane Marksman began the quest for the
                  | Orb.
     0 | D:1      | Reached XP level 1. HP: 12/12 MP: 2/2
    38 | D:1      | Reached skill level 3 in Ranged Weapons
    38 | D:1      | Reached XP level 2. HP: 16/16 MP: 3/3
   393 | D:1      | Reached XP level 3. HP: 13/20 MP: 4/4
  1235 | D:2      | Reached skill level 4 in Ranged Weapons
  1329 | D:2      | Reached XP level 4. HP: 25/25 MP: 5/5
  1332 | D:2      | Noticed Robin
  1375 | D:2      | Killed Robin
  1991 | D:3      | Reached skill level 5 in Ranged Weapons
  2007 | D:3      | Killed from afar by an orc wizard

Illustrated notes

Levels and vault maps discovered:
D:1:      dpeg_arrival_rooms_b, layout_basic
D:2:      layout_loops_ring, dreamdust_princess_corridor,
          minmay_misc_feat_alley, serial_bayou_lagoon_b, uniq_robin
D:3:      layout_rooms, kennysheep_vampire_church, serial_shops,
          nicolae_shop_hallway_plus, serial_undead, serial_undead_a,
          serial_undead_e, serial_undead_f, serial_undead_a,
          serial_bayou_pond_c, grunt_decor_cap

Skill      XL: |  1  2  3  4 |
---------------+-------------+-----
Ranged Weapons | 3 4 5 |  5.0
Fighting       | |  1.8
Dodging        | |  2.8
Stealth        | |  0.2
Spellcasting   | |  1.1
Hexes          | |  3.6

Action                   |  1- 3 |  4- 6 || total
-------------------------+-------+-------++-------
 Fire: Sling             |    90 |    58 ||   148
 Cast: Slow              |       |     1 ||     1
Evoke: Wand              |       |     1 ||     1
  Use: Scroll            |     3 |     1 ||     4
       Potion            |       |     2 ||     2
Armor: Robe              |     7 |     5 ||    12
Dodge: Dodged            |    25 |    40 ||    65

Table legend: (Time is in decaauts)
 A = Elapsed time spent in this place.
 B = Non-inter-level travel time spent in this place.
 C = Inter-level travel time spent in this place.
 D = Time resting spent in this place.
 E = Time spent auto-exploring this place.
 F = Levels seen in this place.
 G = Mean time per level.
                   A        B        C        D        E       F      G
               +--------+--------+--------+--------+--------+-----+--------+
         Total |   2059 |   1997 |     62 |     98 |   1623 |   3 |  686.3 |
       Dungeon |   2059 |   1997 |     62 |     98 |   1623 |   3 |  686.3 |
               +--------+--------+--------+--------+--------+-----+--------+

Top non-repeatable levels by time:
     D:1: 1072 daAuts
     D:2: 945 daAuts
     D:3: 41 daAuts
